 Dungeon Crawl Stone Soup version 0.20.1-1-g8b1a95d (webtiles) character file.

98 MasterBenM the Gusty (level 4, 0/35 HPs)
             Began as a Draconian Air Elementalist on Oct 7, 2017.
             Was a Follower of Zin.
             Slain by an ogre
             ... wielding a +0 giant club
              (7 damage)
             ... on level 4 of the Dungeon.
             The game lasted 00:20:35 (1674 turns).

MasterBenM the Gusty (Draconian Air Elementalist)   Turns: 1674, Time: 00:20:35

Health: 0/35       AC:  5    Str: 10    XL:     4   Next: 44%
Magic:  5/7        EV: 12    Int: 17    God:    Zin [*.....]
Gold:   76         SH:  0    Dex: 11    Spells: 4/7 levels left

rFire    . . .     SeeInvis .   t - +2 whip (venom)
rCold    . . .     Gourm    .   (no shield)
rNeg     . . .     Faith    .   (armour unavailable)
rPois    .         Spirit   .   (helmet restricted)
rElec    .         Reflect  .   (no cloak)
rCorr    .         Harm     .   (no gloves)
MR       .....                  (no boots)
Stlth    ++........             (no amulet)
Regen    0.2/turn               (no ring)
MPRegen  0.1/turn               (no ring)

@: no status effects
A: unfitting armour, cold-blooded, AC +5
a: Recite, Donate Gold, Renounce Religion


You were on level 4 of the Dungeon.
You worshipped Zin.
Zin was aware of your devotion.
You were not hungry.

You visited 1 branch of the dungeon, and saw 3 of its levels.

You collected 117 gold pieces.
You donated 41 gold pieces to Zin.

Inventory:

Hand Weapons
 d - a +0 hunting sling
 f - a +0 spear
 h - a +0 whip
 j - a +0 spear
 o - a +0 spear
 r - a +0 club
 s - a +0 short sword
 t - a +2 whip of venom (weapon)
Missiles
 c - 105 stones (quivered)
 e - 16 bolts
 g - 25 arrows
 i - 22 sling bullets
 w - 3 curare-tipped needles
Armour
 k - a +1 robe
 m - a +0 leather armour
 n - a +0 ring mail
 p - a +0 plate armour
 q - a +0 leather armour
Scrolls
 l - a scroll of enchant armour
Books
 a - a book of Air

   Spells                             Type                      Level
   a - Shock                          Conjuration/Air              1
   b - Swiftness                      Charms/Air                   2
   c - Static Discharge               Conjuration/Air              3
   d - Airstrike                      Air                          4
   e - Lightning Bolt                 Conjuration/Air              5
Comestibles
 b - 3 bread rations
 u - 3 fruits
 v - 8 chunks of flesh


   Skills:
 + Level 1.0 Fighting
 + Level 1.1 Polearms
 + Level 0.3 Throwing
 + Level 2.1 Dodging
 + Level 2.1 Stealth
 + Level 2.3 Spellcasting
 + Level 1.6 Conjurations
 + Level 3.9 Air Magic


You had 4 spell levels left.
You knew the following spells:

 Your Spells              Type           Power        Failure   Level  Hunger
a - Shock                 Conj/Air       ##..         6%          1    #......
b - Swiftness             Chrm/Air       #.......     13%         2    ##.....


Dungeon Overview and Level Annotations

Branches:
Dungeon (2/15)

Altars:
Zin


Innate Abilities, Weirdness & Mutations

Your plain brown scales are hard. (AC +5)
You cannot fit into any form of body armour.
You are cold-blooded and may be slowed by cold attacks.


Message History

The ogre closely misses you.
You barely miss the ogre.
You tail-slap the ogre, but do no damage.
The ogre is heavily wounded.
The ogre hits you with a giant club!
Some of the chunks of flesh in your inventory have rotted away.
You barely miss the ogre.
The ogre is heavily wounded.
The ogre hits you with a giant club!
* * * LOW HITPOINT WARNING * * *
The ogre completely misses you.
A giant cockroach comes into view.
Casting: Shock
Confirm with . or Enter, or press ? or * to list all spells.
Aiming: Shock
Press: ? - help, Shift-Dir - straight line, f - ogre
Aim: an ogre, wielding a giant club (heavily wounded)
The zap misses the ogre.
The ogre hits you with a giant club!
You die...

#..........#.#.#.##.# #
#..........#...#.#*.#* ***#
#>.........##..#<#*,.*****,,.
#############..#.#**,**,,,,##
#..#.# *,**,****
#....###.**,* #.#.......,,*
####O....####*******
***#..@.#..##***,,,,,,,
#..............*,*,*,*,
#..####.#..####*,,,,,,, ##**
#...s#**,+,,,,,,>
**##.....,,*,,,,,,,
*,,,......,*,*,*,*,
****...####*,,,,,,,
*#...,,,******** *,,*****
*,,,,,


You could see an ogre and a giant cockroach.

Vanquished Creatures
  7 adders
  2 worms (D:2)
  A dart slug (D:1)
  A leopard gecko (D:4)
  3 goblins
  2 hobgoblins
  4 jackals (D:2)
  2 kobolds (D:2)
  3 bats (D:2)
  4 frilled lizards
  3 rats
32 creatures vanquished.

Notes
Turn   | Place    | Note
-------+----------+-------------------------------------------
     0 | D:1      | MasterBenM the Draconian Air Elementalist began the quest for the Orb.
     0 | D:1      | Reached XP level 1. HP: 14/14 MP: 3/3
   593 | D:1      | Reached XP level 2. HP: 3/20 MP: 0/5
   775 | D:2      | Learned a level 2 spell: Swiftness
   936 | D:2      | Found a glowing silver altar of Zin.
   938 | D:2      | Reached XP level 3. HP: 27/27 MP: 2/6
   968 | D:2      | Became a worshipper of Zin the Law-Giver
   982 | D:2      | HP: 1/27 [poisoned by an adder]
   984 | D:2      | Donated 30 gold pieces to Zin
  1000 | D:2      | HP: 1/27 [adder (1)]
  1002 | D:2      | Reached skill level 1 in Fighting
  1198 | D:2      | Reached * piety under Zin
  1418 | D:2      | You fall through a shaft for 2 floors!
  1447 | D:4      | Reached XP level 4. HP: 35/35 MP: 3/7
  1516 | D:4      | Reached skill level 1 in Polearms
  1660 | D:4      | Noticed an ogre
  1674 | D:4      | Slain by an ogre

Skill      XL: |  1  2  3  4 |
---------------+-------------+-----
Stealth        | 2 |  2.1
Fighting       | 1 |  1.0
Dodging        | 2 |  2.1
Polearms       | 1 |  1.1
Throwing       | |  0.3
Spellcasting   | |  2.3
Conjurations   | |  1.6
Air Magic      | |  3.9

Action                   |  1- 3 |  4- 6 || total
-------------------------+-------+-------++-------
Melee: Spear             |    58 |       ||    58
       Tailslap          |     4 |     2 ||     6
       Whip              |     2 |    17 ||    19
Throw: Stone             |     6 |       ||     6
 Cast: Shock             |    58 |    11 ||    69
       Swiftness         |     1 |       ||     1
Invok: Donate Gold       |     1 |       ||     1
  Use: Potion            |     3 |       ||     3
       Scroll            |     2 |     4 ||     6
  Eat: Chunk             |     1 |       ||     1
       Bread ration      |     1 |       ||     1
Armor: Skin              |    20 |     4 ||    24
Dodge: Dodged            |    52 |    11 ||    63
